 Dungeon Crawl Stone Soup version 0.23.2-1-ga50397a6bc (webtiles) character file.

Game seed: 11582099241472517555

162 Revguard the Shield-Bearer (level 5, 0/42 HPs)
             Began as a Formicid Fighter on Apr 27, 2019.
             Was a Follower of Makhleb.
             Slain by Edmund
             ... wielding a +3 dire flail of draining
              (3 damage)
             ... on level 4 of the Dungeon.
             The game lasted 00:08:52 (2570 turns).

Revguard the Shield-Bearer (Formicid Fighter)       Turns: 2570, Time: 00:08:54

Health: 0/42       AC:  8    Str: 20    XL:     5   Next: 71%
Magic:  0/5        EV:  4    Int:  8    God:    Makhleb [*.....]
Gold:   217        SH:  9    Dex: 11    Spells: 4/4 levels left

rFire    . . .     SeeInvis +   a - +0 war axe
rCold    . . .     Gourm    .   c - +1 shield
rNeg     . . .     Faith    .   k - +0 chain mail
rPois    +         Spirit   +   (helmet unavailable)
rElec    .         Reflect  .   (no cloak)
rCorr    .         Harm     .   (no gloves)
MR       .....                  (no boots)
Stlth    ..........             d - amulet of guardian spirit
HPRegen  0.14/turn              m - ring of poison resistance
MPRegen  0.09/turn              e - ring of wizardry

@: very heavily drained
A: permanent stasis, dig shafts and tunnels, four strong arms, antennae 3
a: Dig, Shaft Self, Renounce Religion


You were on level 4 of the Dungeon.
You worshipped Makhleb.
Makhleb was aware of your devotion.
You were very hungry.

You visited 1 branch of the dungeon, and saw 4 of its levels.

You collected 217 gold pieces.

Inventory:

Hand Weapons
 a - a +0 war axe (weapon)
Armour
 c - a +1 shield (worn)
 k - a +0 chain mail (worn)
Jewellery
 d - an amulet of guardian spirit (around neck)
 e - a ring of wizardry (right hand)
 g - an uncursed ring of fire
 m - a ring of poison resistance (left hand)
Scrolls
 h - 2 scrolls of teleportation
 i - a scroll of fear {unknown}
 j - 2 scrolls of identify
 l - 2 scrolls of remove curse {unknown}
Comestibles
 f - 8 rations


   Skills:
 + Level 3.8(0.6) Fighting
 + Level 3.6(0.4) Axes
 + Level 3.9(0.7) Armour
 + Level 0.4(0.0) Dodging
 - Level 0.1(0.0) Stealth
 + Level 4.7(1.4) Shields
 * Level 1.2(0.0) Invocations


You had 4 spell levels left.
You didn't know any spells.
Your spell library was empty.

Dungeon Overview and Level Annotations

Branches:
Dungeon (4/15)
 Temple: D:4-7

Altars:
Makhleb
Vehumet
Xom

Annotations:
D:4 Edmund


Innate Abilities, Weirdness & Mutations

You cannot be hasted, slowed, berserked, paralysed or teleported.
You can dig through walls and to a lower floor.
Your four strong arms can wield two-handed weapons with a shield.
You have a pair of large antennae on your head. (SInv)


Message History

Edmund hits you with a +3 dire flail of draining.
You feel drained.
Edmund hits you with a +3 dire flail of draining.
* * * LOW HITPOINT WARNING * * *
You feel drained. Magic courses through your body. You block Edmund's attack.
Your shield and chain mail prevent you from hitting Edmund.
Edmund is moderately wounded.
You block Edmund's attack.
You slash Edmund!
Edmund is heavily wounded.
Edmund barely misses you.
You slash Edmund!
Edmund is severely wounded.
Edmund hits you with a +3 dire flail of draining!
* * * LOW HITPOINT WARNING * * *
You feel drained.
* * * LOW HITPOINT WARNING * * *
Edmund hits you with a +3 dire flail of draining.
You die...

### . #.. . #.#
.# #.##.# #.#.# .
#..## .
########.#.#.####
#
......>..@@......
#. #
#######..##..####
###.###
.$.......# [...
.......
######...# ####
.....## #..##
....... #..#
....... #..# #
####.. #..# .#
#.. #######..#
##.## ###..


You could see Edmund.

Vanquished Creatures
  An orc wizard (D:3)
  3 gnolls (D:3)
  3 adders
  2 oozes (D:2)
  2 dart slugs
  3 leopard geckos
  2 orcs (D:3)
  2 giant cockroaches
  5 goblins
  7 hobgoblins
  8 jackals
  A ball python (D:1)
  7 bats
  6 frilled lizards
  6 kobolds
  5 rats
63 creatures vanquished.

Notes
Turn   | Place    | Note
-------+----------+-------------------------------------------
     0 | D:1      | Revguard the Formicid Fighter began the quest for the Orb.
     0 | D:1      | Reached XP level 1. HP: 18/18 MP: 1/1
    95 | D:1      | Reached XP level 2. HP: 24/24 MP: 2/2
   433 | D:1      | Found a shimmering altar of Xom.
   670 | D:2      | Reached XP level 3. HP: 29/29 MP: 3/3
   704 | D:2      | Reached skill level 4 in Shields
  1349 | D:2      | Reached XP level 4. HP: 36/36 MP: 4/4
  1432 | D:2      | Found a radiant altar of Vehumet.
  1433 | D:2      | Found a burning altar of Makhleb.
  1443 | D:2      | Became a worshipper of Makhleb the Destroyer
  1591 | D:3      | Reached XP level 5. HP: 37/42 MP: 5/5
  1728 | D:3      | Reached skill level 1 in Invocations
  2536 | D:4      | Reached * piety under Makhleb
  2547 | D:4      | Noticed Edmund
  2570 | D:4      | Slain by Edmund

Skill      XL: |  1  2  3  4  5 |
---------------+----------------+-----
Shields        | 4 |  4.7
Axes           | 3 |  3.6
Invocations    | 1 |  1.2
Fighting       | |  3.8
Armour         | |  3.9
Dodging        | |  0.4
Stealth        | |  0.1

Action                   |  1- 3 |  4- 6 || total
-------------------------+-------+-------++-------
Melee: War axe           |   109 |   152 ||   261
 Abil: Dig               |     3 |     4 ||     7
  Use: Potion            |     1 |     3 ||     4
       Scroll            |     6 |     1 ||     7
  Eat: Chunk             |     1 |     4 ||     5
Armor: Scale mail        |    69 |    81 ||   150
       Chain mail        |       |     5 ||     5
Dodge: Dodged            |    37 |    51 ||    88
Block: Shield            |    82 |   118 ||   200
